 Dungeon Crawl Stone Soup version 0.28-a0-556-gab23d0e057 (webtiles) character file.

Game seed: 7623391232916936496

1183 Zenkrye the Skirmisher (level 8, -1/64 HPs)
             Began as a Barachi Arcane Marksman on Sept 28, 2021.
             Was an Elder of Dithmenos.
             Succumbed to a kobold brigand's poison
             ... on level 7 of the Dungeon.
             The game lasted 00:18:08 (6307 turns).

Zenkrye the Skirmisher (Barachi Arcane Marksman)    Turns: 6307, Time: 00:18:09

Health: -1/64      AC:  7    Str: 11    XL:     8   Next: 42%
Magic:  12/12      EV: 12    Int: 15    God:    Dithmenos [****..]
Gold:   323        SH:  0    Dex: 14    Spells: 7/13 levels left

rFire   + . .      SeeInvis .   l - +2 hand axe (vorpal)
rCold   + . .      Faith    .   (no shield)
rNeg    . . .      Spirit   .   t - +1 ring mail {Will+}
rPois   .          Reflect  .   j - +0 helmet
rElec   .          Harm     .   (no cloak)
rCorr   .          Rampage  .   (no gloves)
Will    +....                   (no boots)
Stlth   ++........              (no amulet)
HPRegen 0.20/turn               c - ring of protection from cold
MPRegen 0.13/turn               f - ring of protection from fire

@: lethally poisoned (-1 -> -20), unable to hop, wreathed by umbra, slow
A: amphibious, slowness 1, strong legs 1, +LOS
a: Hop, Renounce Religion, Shadow Step


You were on level 7 of the Dungeon.
You worshipped Dithmenos.
Dithmenos was greatly pleased with you.
You visited 1 branch of the dungeon, and saw 7 of its levels.

You collected 323 gold pieces.

Inventory:

Hand Weapons
 a - a +0 hand crossbow
 b - a +0 dagger of holy wrath
 l - a +2 vorpal hand axe (weapon)
 v - a +0 dagger of venom
 x - a +0 dagger
Missiles
 k - a bolt
Armour
 d - a +0 robe
 h - a +1 leather armour
 j - a +0 helmet (worn)
 p - the +1 leather armour of Inviolability {Fly rCorr Str+2}
   (You found it on level 4 of the Dungeon)

   Str:       It affects your strength (+2).
   Fly:       It grants you flight.
   rCorr:     It protects you from acid and corrosion.
 t - a +1 ring mail of willpower (worn)
Magical Staves
 C - a staff of cold
Jewellery
 c - a ring of protection from cold (left hand)
 f - a ring of protection from fire (right hand)
 m - a ring of flight
Wands
 w - a wand of acid (5) {@v2}
 B - a wand of polymorph (9)
Scrolls
 i - 3 scrolls of identify {@r1}
 o - a scroll of fog {unknown}
 s - 2 scrolls of teleportation {@r3}
 y - a scroll of enchant armour
 z - a scroll of magic mapping {unknown}
Potions
 e - 2 potions of magic
 g - a potion of berserk rage {unknown}
 n - 2 potions of cancellation
 q - 4 potions of curing {unknown}
 r - a potion of mutation {unknown}
 u - 2 potions of brilliance {unknown}
 A - 2 potions of heal wounds {unknown}
 D - a potion of lignification {unknown}


   Skills:
 + Level 5.8 Fighting
 - Level 2.3 Crossbows
 + Level 5.7 Dodging
 + Level 3.6 Stealth
 - Level 3.0 Spellcasting
 - Level 3.0 Conjurations
 - Level 5.0 Hexes
 + Level 1.1 Fire Magic


You had 7 spell levels left.
You knew the following spells:

 Your Spells              Type           Power      Damage    Failure   Level
a - Magic Dart            Conj           44%        1d5       14%         1
b - Slow                  Hex            17%        N/A       10%         2
c - Inner Flame           Hex/Fire       11%        N/A       38%         3

Your spell library contained the following spells:

 Spells                   Type           Power      Damage    Failure   Level
 Confusing Touch          Hex            17%        N/A       19%         3
 Tukima's Dance           Hex            17%        N/A       19%         3
 Ensorcelled Hibernation  Hex/Ice        18%        N/A       26%         2
 Beastly Appendage        Tmut           4%         N/A       43%         1
 Portal Projectile        Hex/Tloc       18%        N/A       45%         3
 Cause Fear               Hex            8%         N/A       52%         4
 Call Imp                 Summ           2%         N/A       58%         2
 Wereblood                Tmut           2%         N/A       58%         2
 Mephitic Cloud           Conj/Pois/Air  5%         N/A       67%         3
 Spider Form              Tmut/Pois      1%         N/A       82%         3
 Vampiric Draining        Necr           1%         2d6       82%         3
 Blade Hands              Tmut           1%         N/A       100%        5
 Excruciating Wounds      Necr           1%         N/A       100%        5


Dungeon Overview and Level Annotations

Branches:
Dungeon (7/15)             Temple (0/1) D:6

Altars:
Dithmenos
Gozag
Hepliaklqana
Okawaru
Ru

Annotations:
D:5 2 transporters, willcat's ghost, weakling OpDe


Innate Abilities, Weirdness & Mutations

You are amphibious.
You cover ground slowly.
You can hop short distances.
You have an extended range of vision and can be seen from far away.


Message History

The kobold brigand hits you with a +0 short sword.
You hit the kobold brigand.
The kobold brigand is severely wounded.
The kobold brigand hits you but does no damage.
You closely miss the kobold brigand.
The kobold brigand is severely wounded.
The kobold brigand hits you with a +0 short sword.
The kobold brigand closely misses you.
You closely miss the kobold brigand.
The kobold brigand is severely wounded.
The kobold brigand hits you with a +0 short sword.
* * * LOW HITPOINT WARNING * * *
The kobold brigand throws a poisoned dart.
The poisoned dart misses you.
You see here 4 bolts.
The kobold brigand throws a poisoned dart.
The poisoned dart hits you!
You are poisoned.
You feel very sick.
You feel sick.
You feel sick.
You feel sick.
You feel sick.
The kobold brigand throws a poisoned dart.
The poisoned dart hits you!
You are more poisoned.
* * * LOW HITPOINT WARNING * * *
You feel very sick.
Hop to where?
Press: ? - help, Dir - move target, p - kobold brigand Boing!
You feel sick.
The kobold brigand throws a poisoned dart.
The poisoned dart hits you!
You are lethally poisoned!
* * * LOW HITPOINT WARNING * * *
You feel very sick.
The kobold brigand throws a poisoned dart.
The poisoned dart hits you!
You are more poisoned.
You die...

#........##KK.†....(...........
#.........K.#########...#.#####
#........#### #...........
#........K.## #.............
#........#K.# #.............
#.......K##.## ##.......#.#.###
####.........###.............#
#..........#........###.#...
#..........#@#......# .. ..
#.)....................
#............#..#.###.#
#...>......###.##... .
#........... ... .....
#.........###.### ....
#####...... . #.. #...#...
#......


There were no monsters in sight!

Vanquished Creatures
  3 ogres
  A phantom (D:5)
  2 bullfrogs (D:7)
  A scorpion (D:5)
  A howler monkey (D:6)
  A centaur zombie (D:6)
  2 hounds
  6 jellies
  A bullfrog skeleton (D:5)
  An orc priest (D:3)
  3 iguanas
  An orc wizard (D:3)
  2 hound zombies (D:5)
  Robin (D:2)
  A howler monkey skeleton (D:7)
  A shadow imp (D:6)
  A white imp (D:5)
  2 adder skeletons
  2 worms (D:3)
  A dart slug (D:2)
  8 orcs
  9 ball pythons
  16 endoplasms
  4 giant cockroaches
  11 goblins
  17 hobgoblins
  3 jackals
  15 kobolds
  A quokka (D:1)
  3 bats
  A frilled lizard (D:2)
  9 rats
131 creatures vanquished.

Vanquished Creatures (others)
  4 fungi (D:2)
  8 toadstools (D:2)
12 creatures vanquished.

Grand Total: 143 creatures vanquished

Notes
Turn   | Place    | Note
-------+----------+-------------------------------------------
     0 | D:1      | Zenkrye the Barachi Arcane Marksman began the quest for the
                  | Orb.
     0 | D:1      | Reached XP level 1. HP: 15/15 MP: 2/2
   217 | D:1      | Found a faded altar of an unknown god.
   228 | D:1      | Got Plato's Tome of Battle Magic
   229 | D:1      | Became a worshipper of Dithmenos the Shadowed
   229 | D:1      | Reached * piety under Dithmenos
   239 | D:1      | Reached XP level 2. HP: 22/22 MP: 3/3
   364 | D:1      | Learned a level 1 spell: Magic Dart
  1107 | D:2      | Reached XP level 3. HP: 24/27 MP: 3/5
  1234 | D:2      | Found a sacrificial altar of Ru.
  1250 | D:2      | Reached skill level 1 in Conjurations
  1288 | D:2      | Noticed Robin
  1291 | D:2      | Killed Robin
  1355 | D:2      | Reached XP level 4. HP: 34/34 MP: 6/6
  1655 | D:2      | Reached ** piety under Dithmenos
  2055 | D:2      | Reached XP level 5. HP: 33/41 MP: 8/8
  2061 | D:2      | Learned a level 2 spell: Slow
  2369 | D:3      | Found an opulent altar of Gozag.
  2626 | D:3      | Reached *** piety under Dithmenos
  2888 | D:3      | Reached XP level 6. HP: 19/47 MP: 9/9
  3620 | D:4      | Identified the +1 leather armour of Inviolability {Fly
                  | rCorr Str+2}
  3639 | D:4      | Reached skill level 1 in Stealth
  3964 | D:4      | Reached XP level 7. HP: 54/54 MP: 11/11
  4145 | D:5      | Entered Level 5 of the Dungeon
  4212 | D:5      | Found a transporter.
  4214 | D:5      | Noticed willcat's ghost (weakling OpDe)
  4784 | D:5      | Found an iron altar of Okawaru.
  4936 | D:5      | Reached skill level 5 in Dodging
  5002 | D:5      | Found a sacrificial altar of Ru.
  5132 | D:5      | Found a transporter.
  5557 | D:6      | Reached **** piety under Dithmenos
  5558 | D:6      | Reached skill level 5 in Fighting
  5640 | D:6      | Reached XP level 8. HP: 59/62 MP: 12/12
  5764 | D:6      | Found a staircase to the Ecumenical Temple.
  5854 | D:6      | Reached skill level 5 in Hexes
  5970 | D:6      | Found a hazy altar of Hepliaklqana.
  6135 | D:6      | Learned a level 3 spell: Inner Flame
  6286 | D:7      | Reached skill level 1 in Fire Magic
  6306 | D:7      | HP: 3/64 [poisoned by a kobold brigand]
  6307 | D:7      | Succumbed to a kobold brigand's poison

Illustrated notes

Levels and vault maps discovered:
D:1:      erik_arrival_cave_to_civilisation [erik_arrival_cave_to_hall],
          layout_basic, shapermc_ecumenical_altar_rom_forum,
          hangedman_decor_opposing, minmay_door_square, serial_bayou_pond_e
D:2:      cheibrodos_fertilizer, layout_basic, basic_altar,
          minmay_misc_feat_tower, uniq_robin
D:3:      layout_basic, mainiacjoe_overflow_tiny_flanked, minmay_quantized
D:4:      layout_rooms, minmay_misc_feat_encased
D:5:      layout_layer_cave, old_standard_altar, okawaru_gym_becter,
          gammafunk_ghost_mausoleum, minivault_1
D:6:      layout_cave_pools, worldfamousw_hep_ancestral_shrine,
          minmay_temple_entry_slanted, minmay_misc_feat_plants
D:7:      layout_rooms

Skill      XL: |  1  2  3  4  5  6  7  8 |
---------------+-------------------------+-----
Fighting       | 2 3 4 5 |  5.8
Conjurations   | 1 2 3 |  3.0
Dodging        | 3 4 5 |  5.7
Spellcasting   | 2 3 |  3.0
Stealth        | 1 2 3 |  3.6
Hexes          | 4 5 |  5.0
Fire Magic     | 1 |  1.1
Crossbows      | |  2.3

Action                   |  1- 3 |  4- 6 |  7- 9 || total
-------------------------+-------+-------+-------++-------
Melee: Dagger            |       |    23 |    55 ||    78
       Hand axe          |       |       |    21 ||    21
 Fire: Hand crossbow     |    92 |   171 |    96 ||   359
 Cast: Slow              |       |     5 |    15 ||    20
 Abil: Hop               |     1 |     4 |     1 ||     6
  Use: Scroll            |     4 |     1 |     2 ||     7
       Potion            |       |     2 |       ||     2
Armor: Leather armour    |     8 |    26 |       ||    34
       Ring mail         |       |       |    42 ||    42
Dodge: Dodged            |    37 |    56 |    82 ||   175

Table legend: (Time is in decaauts)
 A = Elapsed time spent in this place.
 B = Non-inter-level travel time spent in this place.
 C = Inter-level travel time spent in this place.
 D = Time resting spent in this place.
 E = Time spent auto-exploring this place.
 F = Levels seen in this place.
 G = Mean time per level.
                   A        B        C        D        E       F      G
               +--------+--------+--------+--------+--------+-----+--------+
         Total |   7284 |   7165 |    119 |    537 |   5433 |   7 | 1040.6 |
       Dungeon |   7284 |   7165 |    119 |    537 |   5433 |   7 | 1040.6 |
               +--------+--------+--------+--------+--------+-----+--------+

Top non-repeatable levels by time:
     D:5: 1603 daAuts
     D:2: 1445 daAuts
     D:3: 1397 daAuts
     D:1: 1204 daAuts
     D:4: 757 daAuts
     D:6: 694 daAuts
     D:7: 180 daAuts
